Map: Apotheosis LE

Players

Gracz - Winner!

  • Race: Protoss Protoss
  • League: Silver

aquavit

  • Race: Terran Terran

VOD

Have the link to the VOD?

Description

Time

  • Played on: Oct. 13, 2016, 11:14 a.m.
  • Length: 11:04
Show
View Real Time Build Order
Export as new Build Order

Gracz Protoss - Winner!

Build Orders:  

Get SALT Encoding   

  12  0:02  Probe (Chrono Boost)  
  13  0:15  Pylon  
  13  0:27  Probe (Chrono Boost)  
  14  0:39  Pylon  
  14  0:41  Assimilator  
  14  0:45  Pylon  
  14  0:48  Probe (Chrono Boost)  
  15  0:59  Probe (Chrono Boost)  
  15  1:02  Pylon  
  16  1:10  Probe (Chrono Boost)  
  17  1:20  Probe (Chrono Boost)  
  18  1:41  Nexus  
  18  1:45  Probe (Chrono Boost)  
  19  1:56  Probe (Chrono Boost)  
  20  2:06  Probe (Chrono Boost)  
  21  2:15  Gateway  
  21  2:23  Gateway  
  21  2:31  Gateway  
  21  2:32  Gateway  
  21  2:39  Assimilator  
  21  2:42  Probe (Chrono Boost)  
  22  2:52  Probe (Chrono Boost)  
  22  2:57  Probe (Chrono Boost)  
  24  3:03  Probe (Chrono Boost)  
  25  3:08  Probe (Chrono Boost)  
  26  3:14  Probe (Chrono Boost)  
  26  3:17  Cybernetics Core  
  26  3:18  Probe (Chrono Boost)  
  28  3:24  Probe (Chrono Boost)  
  29  3:29  Probe (Chrono Boost)  
  30  3:35  Forge, Probe (Chrono Boost)  
  30  3:38  Warp Gate  
  31  3:47  Gateway  
  31  3:48  Gateway  
  31  3:59  Probe (Chrono Boost)  
  31  4:00  Probe (Chrono Boost)  
  33  4:03  Pylon  
  33  4:06  Pylon  
  33  4:09  Assimilator  
  33  4:12  Assimilator  
  33  4:13  Probe (Chrono Boost)  
  33  4:16  Probe (Chrono Boost)  
  36  4:24  Protoss Ground Weapons Level 1  
  36  4:25  Probe (Chrono Boost)  
  36  4:34  Robotics Facility  
  36  4:35  Robotics Facility  
  36  4:46  Probe (Chrono Boost)  
  36  4:48  Probe (Chrono Boost)  
  36  4:52  Robotics Facility  
  38  5:10  Nexus  
  38  5:13  Pylon  
  38  5:16  Pylon  
  38  5:21  Pylon  
  38  5:22  Probe (Chrono Boost)  
  38  5:24  Probe (Chrono Boost)  
  40  5:33  Probe (Chrono Boost)  
  42  5:36  Probe (Chrono Boost)  
  42  5:38  Immortal x2  
  50  5:44  Probe (Chrono Boost)  
  50  5:48  Probe (Chrono Boost)  
  52  5:56  Twilight Council  
  52  6:00  Robotics Bay  
  52  6:07  Gateway  
  52  6:10  Probe x2 (Chrono Boost)  
  54  6:22  Stalker x2  
  54  6:23  Stalker x2  
  62  6:31  Mothership Core (Chrono Boost), Probe (Chrono Boost)  
  66  6:32  Probe (Chrono Boost)  
  66  6:37  Stalker  
  66  6:38  Sentry  
  70  6:44  Disruptor  
  70  6:45  Immortal  
  70  6:52  Colossus  
  83  7:05  Probe (Chrono Boost)  
  83  7:06  Probe x2 (Chrono Boost)  
  86  7:09  Stalker  
  88  7:18  Probe x2 (Chrono Boost)  
  90  7:26  Disruptor  
  90  7:32  Disruptor  
  96  7:39  Stalker x4  
  96  7:43  Protoss Ground Armor Level 1  
  104  7:49  Blink  
  107  7:58  Probe (Chrono Boost)  
  107  7:59  Probe (Chrono Boost)  
  107  8:00  Probe (Chrono Boost)  
  107  8:01  Assimilator  
  107  8:08  Stalker x2  
  111  8:18  Stalker x2  
  115  8:33  Pylon  
  115  8:44  Stalker  
  115  8:48  Immortal  
  117  8:53  Immortal  
  125  9:10  Pylon  
  125  9:12  Pylon  
  125  9:15  Pylon  
  125  9:22  Extended Thermal Lance  
  125  9:23  Immortal  
  129  9:36  Stalker x3  
  129  9:37  Stalker x3  
  141  9:39  Stalker  
  143  9:52  Colossus  
Show
View Real Time Build Order
Export as new Build Order

aquavit Terran 

Build Orders:  

Get SALT Encoding   

  12  0:05  SCV  
  13  0:17  SCV  
  14  0:29  SCV  
  15  0:43  Supply Depot  
  15  0:45  Refinery  
  15  0:49  Refinery  
  15  1:05  SCV  
  16  1:11  Barracks  
  16  1:17  SCV  
  17  1:19  Supply Depot  
  17  1:29  SCV  
  18  1:41  SCV  
  18  1:44  Supply Depot  
  19  1:53  SCV  
  20  2:02  Engineering Bay  
  20  2:05  SCV  
  20  2:07  Barracks Reactor  
  21  2:11  Bunker  
  21  2:17  SCV  
  23  2:30  SCV  
  23  2:42  SCV  
  23  2:43  Command Center  
  24  2:47  Marine  
  24  2:48  Marine  
  26  2:54  SCV  
  27  3:05  Marine x2  
  27  3:06  SCV  
  30  3:18  SCV  
  31  3:20  Missile Turret  
  31  3:23  Marine x2  
  33  3:30  SCV  
  34  3:41  Marine x2  
  34  3:42  Missile Turret, SCV  
  37  3:54  SCV  
  38  3:59  Marine x2  
  40  4:05  Supply Depot  
  40  4:06  SCV  
  41  4:12  SCV  
  41  4:16  Marine  
  41  4:17  Marine  
  42  4:18  SCV  
  45  4:24  SCV  
  45  4:30  SCV  
  47  4:33  Supply Depot  
  47  4:36  SCV  
  48  4:42  Bunker  
  48  4:46  Bunker  
  48  4:48  SCV  
  48  4:49  Factory  
  49  4:53  Factory  
  49  4:57  Marine x2  
  51  5:00  SCV  
  51  5:02  Bunker  
  52  5:07  Orbital Command  
  52  5:12  SCV  
  53  5:15  Marine x2  
  55  5:25  SCV  
  56  5:30  Missile Turret  
  56  5:34  Supply Depot  
  56  5:35  Missile Turret  
  56  5:37  Factory Tech Lab, SCV  
  56  5:38  Factory Tech Lab  
  56  5:41  Armory  
  57  5:49  SCV  
  58  5:53  Missile Turret  
  58  6:01  SCV  
  59  6:04  Supply Depot  
  59  6:13  Siege Tank x2  
  59  6:14  Missile Turret  
  59  6:17  SCV  
  67  6:25  SCV  
  67  6:27  Supply Depot  
  67  6:29  Armory, SCV  
  67  6:31  Refinery  
  68  6:34  Refinery  
  68  6:37  Missile Turret, SCV  
  69  6:41  Missile Turret  
  69  6:45  Missile Turret  
  69  6:48  Siege Tank x2  
  69  6:49  SCV  
  76  6:56  Terran Vehicle Weapons Level 1  
  76  6:59  Hi-Sec Auto Tracking  
  76  7:02  SCV  
  77  7:10  Missile Turret  
  77  7:14  SCV  
  78  7:45  Command Center  
  78  7:49  Missile Turret  
  78  7:53  SCV  
  78  7:56  Terran Infantry Weapons Level 1  
  78  7:57  Terran Vehicle And Ship Armor Level 1  
  79  8:04  SCV  
  80  8:05  SCV  
  80  8:11  Missile Turret  
  81  8:16  SCV  
  81  8:18  SCV  
  83  8:29  SCV  
  83  8:31  Widow Mine x2  
  83  8:33  Refinery  
  88  8:41  SCV  
  89  8:47  Supply Depot  
  89  8:51  Terran Ship Weapons Level 1  
  89  8:53  Drilling Claws, SCV  
  90  8:59  Refinery  
  90  9:00  Widow Mine x2  
  94  9:05  SCV  
  95  9:20  Starport  
  95  9:25  Starport  
  95  9:27  Starport  
  95  9:28  Widow Mine x2  
  95  9:30  Starport  
  99  9:57  Widow Mine x2  
  103  10:38  Command Center  
Tags
 
Add a new tag
Caveats
  • Supply blocks, unpowered buildings, or Contaminate may cause inaccurate times.
  • Supply counts are checked every 10 seconds.